[ AOE2 MATCH · #508081821 ]
UnrankedTeutons vs Vikings
Player's team · WIN
Rival team · LOSS
[ REPLAY ANALYSIS · EXTRACTED FROM THE RECORDED GAME ]
Feudal
10:50
Castle
29:32
Imperial
45:19
| APM avg | 27.4 |
| APM peak | 61 |
| eAPM avg | 16.2 |
| Villagers / military | 165 / 78 |
Focus
⚔️ 31.2% · 🌾 68.8%
Archer ×24 · Knight ×15 · Teutonic Knight ×10 · Mangonel ×8 · Militia ×6 · Battering Ram ×5
Feudal
13:47
Castle
28:04
Imperial
45:17
| APM avg | 51.6 |
| APM peak | 101 |
| eAPM avg | 26.8 |
| Villagers / military | 153 / 110 |
Focus
⚔️ 35.2% · 🌾 64.8%
Archer ×94 · Militia ×5 · Trebuchet (Packed) ×4 · Battering Ram ×3 · Berserk ×2 · Monk ×1
Match map
Initial resources + every placement click. Lines = walls · curves = elevation contours. ◆ gold · ⬟ stone · ● berries · ✦ relic · ◌ wall gap
Your base· Open — opponent sealed themselves in
Skirk's base· ✓ Closed at 28:04 · 90t walls · no gate
Smoothed initial terrain · ◌ = detected wall gap · hover for details
Inputs per minute
— Kinait - - Skirk
Build order — Kinait
First 150 of 426 actions detected
| 0:02 | Queue | Villager (Male) |
| 0:03 | Queue | Villager (Male) |
| 0:03 | Queue | Villager (Male) |
| 0:05 | Build | House |
| 0:06 | Build | House |
| 0:11 | Queue | Villager (Male) |
| 1:35 | Queue | Villager (Male) |
| 1:36 | Queue | Villager (Male) |
| 2:03 | Build | Lumber Camp |
| 2:08 | Queue | Villager (Male) |
| 2:08 | Queue | Villager (Male) |
| 2:22 | Queue | Villager (Male) |
| 2:22 | Queue | Villager (Male) |
| 2:51 | Queue | Villager (Male) |
| 2:51 | Queue | Villager (Male) |
| 3:04 | Queue | Villager (Male) |
| 3:04 | Queue | Villager (Male) |
| 3:36 | Queue | Villager (Male) |
| 3:58 | Build | Mill |
| 3:59 | Queue | Villager (Male) |
| 4:37 | Queue | Villager (Male) |
| 4:41 | Research | Loom |
| 4:43 | Build | House |
| 4:54 | Queue | Villager (Male) |
| 5:35 | Queue | Villager (Male) |
| 5:45 | Queue | Villager (Male) |
| 6:11 | Queue | Villager (Male) |
| 6:27 | Queue | Villager (Male) |
| 6:31 | Build | Barracks |
| 6:57 | Queue | Villager (Male) |
| 7:22 | Build | House |
| 7:32 | Queue | Militia |
| 7:32 | Queue | Militia |
| 7:38 | Build | Mining Camp |
| 8:04 | Build | Palisade Wall |
| 8:13 | Queue | Militia |
| 8:16 | Build | Palisade Wall |
| 8:18 | Build | Palisade Wall |
| 8:26 | Build | Palisade Wall |
| 8:40 | Research | Feudal Age |
| 8:40 | Research | Feudal Age |
| 9:00 | Queue | Militia |
| 9:13 | Queue | Militia |
| 9:24 | Build | House |
| 9:36 | Build | Palisade Wall |
| 9:43 | Queue | Militia |
| 10:17 | Build | Mining Camp |
| 10:39 | Build | Farm |
| 10:41 | Queue | Villager (Male) |
| 10:50 | Age | Feudal Age |
| 10:54 | Research | Man-at-Arms (upgrade) |
| 10:55 | Research | Man-at-Arms (upgrade) |
| 11:08 | Queue | Villager (Male) |
| 11:13 | Build | Farm |
| 11:29 | Build | Palisade Wall |
| 11:39 | Build | Watch Tower |
| 11:42 | Queue | Villager (Male) |
| 11:50 | Build | Palisade Wall |
| 11:52 | Build | Palisade Wall |
| 11:54 | Build | Palisade Wall |
| 11:55 | Build | Palisade Wall |
| 12:00 | Queue | Villager (Male) |
| 12:13 | Build | House |
| 12:45 | Build | Watch Tower |
| 12:59 | Queue | Villager (Male) |
| 13:02 | Build | Palisade Wall |
| 13:05 | Build | Palisade Wall |
| 13:07 | Build | Palisade Wall |
| 13:33 | Build | Archery Range |
| 13:38 | Build | Farm |
| 13:56 | Build | Farm |
| 14:05 | Build | Watch Tower |
| 14:14 | Queue | Villager (Male) |
| 14:16 | Queue | Archer |
| 14:17 | Queue | Archer |
| 14:46 | Build | Farm |
| 14:52 | Queue | Villager (Male) |
| 14:52 | Queue | Villager (Male) |
| 15:13 | Build | House |
| 15:17 | Queue | Archer |
| 15:29 | Build | Watch Tower |
| 15:34 | Queue | Archer |
| 15:45 | Build | House |
| 15:51 | Build | Palisade Wall |
| 15:55 | Queue | Villager (Male) |
| 16:24 | Build | Blacksmith |
| 16:51 | Queue | Villager (Male) |
| 16:53 | Queue | Archer |
| 17:03 | Build | Watch Tower |
| 17:20 | Queue | Villager (Male) |
| 17:26 | Build | House |
| 17:28 | Build | House |
| 17:31 | Queue | Villager (Male) |
| 17:41 | Queue | Villager (Male) |
| 17:51 | Queue | Archer |
| 18:00 | Build | Lumber Camp |
| 18:22 | Queue | Villager (Male) |
| 18:23 | Queue | Archer |
| 18:37 | Build | Farm |
| 18:38 | Build | Farm |
| 19:05 | Research | Fletching |
| 19:05 | Research | Fletching |
| 19:20 | Build | Farm |
| 19:25 | Queue | Villager (Male) |
| 19:47 | Queue | Archer |
| 19:51 | Build | House |
| 19:52 | Build | House |
| 19:54 | Build | Palisade Wall |
| 20:03 | Queue | Villager (Male) |
| 20:23 | Queue | Villager (Male) |
| 20:37 | Build | Watch Tower |
| 20:43 | Queue | Villager (Male) |
| 21:09 | Queue | Archer |
| 21:10 | Queue | Archer |
| 21:28 | Queue | Villager (Male) |
| 21:33 | Build | House |
| 21:34 | Build | House |
| 21:46 | Queue | Villager (Male) |
| 22:02 | Build | Watch Tower |
| 22:11 | Build | Archery Range |
| 22:11 | Queue | Villager (Male) |
| 22:13 | Queue | Archer |
| 22:14 | Build | Farm |
| 22:36 | Queue | Villager (Male) |
| 22:39 | Build | Farm |
| 22:42 | Build | House |
| 22:43 | Build | House |
| 22:46 | Queue | Archer |
| 23:07 | Queue | Archer |
| 23:16 | Queue | Villager (Male) |
| 23:17 | Queue | Archer |
| 23:24 | Build | Mill |
| 23:31 | Queue | Archer |
| 24:08 | Build | Watch Tower |
| 24:22 | Queue | Villager (Male) |
| 24:23 | Queue | Archer |
| 24:28 | Build | Farm |
| 24:29 | Build | Farm |
| 24:31 | Build | Farm |
| 24:34 | Build | Farm |
| 24:38 | Research | Wheelbarrow |
| 24:45 | Build | Watch Tower |
| 24:53 | Queue | Archer |
| 24:53 | Queue | Archer |
| 24:54 | Queue | Villager (Male) |
| 25:01 | Build | Farm |
| 25:29 | Queue | Villager (Male) |
| 25:33 | Research | Double-Bit Axe |
| 25:35 | Research | Horse Collar |
| 26:02 | Queue | Villager (Male) |
Build order — Skirk
First 150 of 461 actions detected
| 0:01 | Queue | Villager (Male) |
| 0:01 | Queue | Villager (Male) |
| 0:01 | Queue | Villager (Male) |
| 0:02 | Build | House |
| 0:03 | Build | House |
| 0:06 | Queue | Villager (Male) |
| 0:06 | Queue | Villager (Male) |
| 1:36 | Queue | Villager (Male) |
| 1:36 | Queue | Villager (Male) |
| 1:36 | Queue | Villager (Male) |
| 1:59 | Queue | Villager (Male) |
| 1:59 | Queue | Villager (Male) |
| 2:17 | Build | House |
| 2:23 | Queue | Villager (Male) |
| 2:23 | Queue | Villager (Male) |
| 2:24 | Queue | Villager (Male) |
| 2:24 | Queue | Villager (Male) |
| 2:24 | Queue | Villager (Male) |
| 2:53 | Queue | Villager (Male) |
| 2:53 | Queue | Villager (Male) |
| 2:53 | Queue | Villager (Male) |
| 3:09 | Queue | Villager (Male) |
| 3:09 | Queue | Villager (Male) |
| 3:09 | Queue | Villager (Male) |
| 3:33 | Queue | Villager (Male) |
| 3:34 | Queue | Villager (Male) |
| 4:03 | Queue | Villager (Male) |
| 4:03 | Queue | Villager (Male) |
| 4:06 | Build | Barracks |
| 4:42 | Queue | Villager (Male) |
| 4:42 | Queue | Villager (Male) |
| 4:42 | Queue | Villager (Male) |
| 4:42 | Queue | Villager (Male) |
| 4:47 | Build | House |
| 5:01 | Queue | Villager (Male) |
| 5:02 | Queue | Villager (Male) |
| 5:02 | Queue | Villager (Male) |
| 5:02 | Queue | Villager (Male) |
| 5:02 | Queue | Villager (Male) |
| 5:38 | Queue | Villager (Male) |
| 5:38 | Queue | Villager (Male) |
| 5:38 | Queue | Villager (Male) |
| 5:44 | Queue | Militia |
| 5:44 | Queue | Militia |
| 5:45 | Queue | Militia |
| 5:45 | Queue | Militia |
| 5:50 | Queue | Villager (Male) |
| 5:50 | Queue | Villager (Male) |
| 5:50 | Queue | Villager (Male) |
| 5:50 | Queue | Villager (Male) |
| 5:58 | Build | Lumber Camp |
| 6:12 | Queue | Militia |
| 6:25 | Queue | Villager (Male) |
| 6:25 | Queue | Villager (Male) |
| 6:25 | Queue | Villager (Male) |
| 6:25 | Queue | Villager (Male) |
| 6:45 | Build | House |
| 7:02 | Queue | Villager (Male) |
| 7:02 | Queue | Villager (Male) |
| 7:03 | Queue | Villager (Male) |
| 7:03 | Queue | Villager (Male) |
| 7:42 | Queue | Villager (Male) |
| 7:50 | Build | Mill |
| 8:08 | Queue | Villager (Male) |
| 8:21 | Build | House |
| 8:23 | Queue | Villager (Male) |
| 8:23 | Queue | Villager (Male) |
| 8:50 | Build | Palisade Wall |
| 8:52 | Queue | Villager (Male) |
| 9:14 | Queue | Villager (Male) |
| 9:33 | Queue | Villager (Male) |
| 9:37 | Build | Mill |
| 9:42 | Research | Loom |
| 10:15 | Queue | Villager (Male) |
| 10:24 | Queue | Villager (Male) |
| 10:51 | Build | Palisade Wall |
| 10:54 | Build | Palisade Wall |
| 11:05 | Build | Mining Camp |
| 11:34 | Research | Feudal Age |
| 11:35 | Research | Feudal Age |
| 12:11 | Build | Palisade Wall |
| 12:17 | Build | Palisade Wall |
| 12:24 | Build | Palisade Wall |
| 13:16 | Build | Palisade Wall |
| 13:20 | Build | Palisade Wall |
| 13:39 | Queue | Villager (Male) |
| 13:41 | Build | House |
| 13:47 | Age | Feudal Age |
| 13:48 | Build | House |
| 13:57 | Research | Double-Bit Axe |
| 13:57 | Research | Horse Collar |
| 13:57 | Research | Horse Collar |
| 14:00 | Build | Archery Range |
| 14:02 | Build | Archery Range |
| 14:12 | Build | Palisade Wall |
| 14:14 | Queue | Villager (Male) |
| 14:45 | Build | Palisade Wall |
| 14:48 | Build | Palisade Wall |
| 15:12 | Queue | Archer |
| 15:23 | Queue | Villager (Male) |
| 15:23 | Queue | Villager (Male) |
| 15:24 | Queue | Villager (Male) |
| 15:45 | Build | House |
| 15:50 | Queue | Villager (Male) |
| 15:55 | Queue | Archer |
| 15:57 | Queue | Archer |
| 16:04 | Build | House |
| 16:07 | Build | House |
| 16:12 | Build | House |
| 16:33 | Queue | Villager (Male) |
| 16:41 | Build | Farm |
| 16:51 | Build | Farm |
| 16:51 | Build | Farm |
| 16:52 | Build | Farm |
| 16:53 | Build | Farm |
| 16:56 | Queue | Archer |
| 16:57 | Queue | Archer |
| 17:23 | Build | Farm |
| 17:24 | Build | Farm |
| 17:26 | Build | Farm |
| 17:27 | Build | Farm |
| 17:29 | Build | Farm |
| 17:37 | Build | House |
| 17:51 | Queue | Villager (Male) |
| 17:51 | Queue | Villager (Male) |
| 17:51 | Queue | Villager (Male) |
| 18:10 | Queue | Villager (Male) |
| 18:20 | Build | House |
| 18:34 | Build | Farm |
| 18:39 | Queue | Villager (Male) |
| 19:13 | Build | Palisade Wall |
| 19:23 | Queue | Villager (Male) |
| 19:26 | Build | Blacksmith |
| 19:33 | Queue | Villager (Male) |
| 19:37 | Queue | Archer |
| 19:38 | Queue | Archer |
| 19:47 | Build | House |
| 19:51 | Build | House |
| 19:55 | Build | House |
| 19:58 | Build | House |
| 20:00 | Build | House |
| 20:07 | Research | Fletching |
| 20:08 | Research | Fletching |
| 20:21 | Build | Watch Tower |
| 20:24 | Queue | Archer |
| 20:24 | Queue | Archer |
| 20:27 | Queue | Villager (Male) |
| 20:41 | Queue | Villager (Male) |
| 20:51 | Queue | Villager (Male) |
| 21:13 | Build | Mining Camp |
Match timeline
| 4:06 | Skirk · first_building Barracks |
| 6:31 | Kinait · first_building Barracks |
| 8:04 | Kinait · wall_segment Palisade Wall x1 |
| 8:16 | Kinait · wall_segment Palisade Wall x1 |
| 8:18 | Kinait · wall_segment Palisade Wall x1 |
| 8:26 | Kinait · wall_segment Palisade Wall x2 |
| 8:50 | Skirk · wall_segment Palisade Wall x10 |
| 9:36 | Kinait · wall_segment Palisade Wall x1 |
| 10:50 | Kinait · age_up feudal |
| 10:51 | Skirk · wall_segment Palisade Wall x14 |
| 10:54 | Skirk · wall_segment Palisade Wall x3 |
| 11:29 | Kinait · wall_segment Palisade Wall x2 |
| 11:50 | Kinait · wall_segment Palisade Wall x1 |
| 11:52 | Kinait · wall_segment Palisade Wall x1 |
| 11:54 | Kinait · wall_segment Palisade Wall x1 |
| 11:55 | Kinait · wall_segment Palisade Wall x1 |
| 12:11 | Skirk · wall_segment Palisade Wall x8 |
| 12:17 | Skirk · wall_segment Palisade Wall x18 |
| 12:24 | Skirk · wall_segment Palisade Wall x4 |
| 13:02 | Kinait · wall_segment Palisade Wall x1 |
| 13:05 | Kinait · wall_segment Palisade Wall x1 |
| 13:07 | Kinait · wall_segment Palisade Wall x1 |
| 13:16 | Skirk · wall_segment Palisade Wall x16 |
| 13:20 | Skirk · wall_segment Palisade Wall x11 |
| 13:33 | Kinait · first_building Archery Range |
| 13:47 | Skirk · age_up feudal |
| 14:00 | Skirk · first_building Archery Range |
| 14:12 | Skirk · wall_segment Palisade Wall x4 |
| 14:45 | Skirk · wall_segment Palisade Wall x1 |
| 14:48 | Skirk · wall_segment Palisade Wall x1 |
| 15:51 | Kinait · wall_segment Palisade Wall x1 |
| 19:13 | Skirk · wall_segment Palisade Wall x1 |
| 19:54 | Kinait · wall_segment Palisade Wall x1 |
| 24:58 | Skirk · first_market_buy 100 food |
| 26:54 | Kinait · first_building Stable |
| 28:04 | Skirk · age_up castle |
| 28:32 | Kinait · wall_segment Palisade Wall x8 |
| 29:13 | Skirk · first_market_sell 100 stone |
| 29:32 | Kinait · age_up castle |
| 32:14 | Kinait · first_building Siege Workshop |
| 35:24 | Skirk · first_building Castle |
| 38:05 | Skirk · first_building Siege Workshop |
| 40:29 | Kinait · first_building Castle |
| 41:07 | Kinait · first_building Monastery |
| 43:40 | Skirk · first_building Monastery |
| 45:17 | Skirk · age_up imperial |
| 45:19 | Kinait · age_up imperial |
| 53:27 | Kinait · wall_segment Palisade Wall x1 |
| 53:34 | Kinait · wall_segment Palisade Wall x1 |
| 57:30 | Skirk · resign |
[ AI ANALYSIS · 1 CREDIT ]
What really happened in this match?
Wolo.gg analyzes every decision: build order, eco, micro, common mistakes by bracket. Personalized analysis on WhatsApp or Discord in 30 seconds.
Civ guide
Teutons
Perfil
Kinait